 Dungeon Crawl Stone Soup version 0.20.1-1-g8b1a95d (webtiles) character file.

574 JeffiDaFish the Shield-Bearer (level 7, 0/44 HPs)
             Began as a Gargoyle Fighter on July 21, 2017.
             Slain by WaffleInsanity's ghost (7 damage)
             ... on level 5 of the Dungeon.
             The game lasted 00:07:51 (3619 turns).

JeffiDaFish the Shield-Bearer (Gargoyle Fighter)    Turns: 3619, Time: 00:07:51

Health: 0/44       AC: 17    Str: 24    XL:     7   Next: 35%
Magic:  16/16      EV:  7    Int:  9    God:
Gold:   163        SH: 10    Dex: 13    Spells: 6/6 levels left

rFire    . . .     SeeInvis .   u - +2 morningstar
rCold    . . .     Gourm    .   c - +0 shield
rNeg     + . .     Faith    .   m - +0 plate armour
rPois    ∞         Spirit   .   (helmet restricted)
rElec    +         Reflect  .   (no cloak)
rCorr    .         Harm     .   (no gloves)
MR       .....                  (no boots)
Stlth    ..........             n - amulet of regeneration
Regen    0.6/turn               i - ring of magical power
MPRegen  0.2/turn               r - +2 ring of evasion

@: mighty
A: horns 1, agile 1, negative energy resistance 1, shaggy fur 1, electricity
resistance, unbreathing, petrification resistance, rot immunity, AC +4
a: no special abilities


You were on level 5 of the Dungeon.
You were hungry.

You visited 1 branch of the dungeon, and saw 5 of its levels.

You collected 163 gold pieces.

Inventory:

Hand Weapons
 u - a +2 morningstar (weapon)
Armour
 c - a +0 shield (worn)
 m - a +0 plate armour (worn)
Jewellery
 i - a ring of magical power (left hand)
 n - an amulet of regeneration (around neck)
 r - a +2 ring of evasion (right hand)
Scrolls
 e - 4 scrolls of identify
 g - a scroll of teleportation
 j - 2 scrolls of remove curse
 p - 2 scrolls of magic mapping
Potions
 l - a potion of haste
 q - a potion of flight
 t - 3 potions of brilliance
Comestibles
 f - 4 bread rations
 h - 2 meat rations
 k - a royal jelly
 o - 8 chunks of flesh
 s - 6 fruits


   Skills:
 + Level 4.5 Fighting
 + Level 5.2 Maces & Flails
 + Level 4.4 Armour
 + Level 0.5 Stealth
 + Level 5.6 Shields


You had 6 spell levels left.
You didn't know any spells.

Dungeon Overview and Level Annotations

Branches:
Dungeon (5/15)
 Temple: D:4-7

Altars:
Ashenzari
Kikubaaqudgha
Nemelex Xobeh
Qazlal
The Shining One

Annotations:
D:5 WaffleInsanity's ghost, novice KoBe


Innate Abilities, Weirdness & Mutations

You are resistant to torment.
Your stone body is resilient. (AC +4)
You are immune to poison.
You resist negative energy. (rN+)
You are resistant to electric shocks. (rElec)
You can survive without breathing.
You are immune to petrification.
You are immune to rotting.
You have a pair of small horns on your head.
You are agile. (Dex +2)
You are covered in fur. (AC +1)


Message History

WaffleInsanity's ghost hits you.
* * * LOW HITPOINT WARNING * * *
Your shield and plate armour prevent you from hitting WaffleInsanity's ghost.
Your headbutt misses WaffleInsanity's ghost.
WaffleInsanity's ghost is heavily damaged.
WaffleInsanity's ghost hits you.
* * * LOW HITPOINT WARNING * * *
You completely miss WaffleInsanity's ghost.
You headbutt WaffleInsanity's ghost!
WaffleInsanity's ghost is severely damaged.
WaffleInsanity's ghost hits you.
* * * LOW HITPOINT WARNING * * *
You barely miss WaffleInsanity's ghost. You headbutt WaffleInsanity's ghost!
WaffleInsanity's ghost is almost destroyed.
WaffleInsanity's ghost hits you.
* * * LOW HITPOINT WARNING * * *
You barely miss WaffleInsanity's ghost.
WaffleInsanity's ghost is almost destroyed.
WaffleInsanity's ghost hits you!
You die...

... ..## ...# ..# ##
..# ># ###.#>.#
#..)#..# #.#W...#
#.#@##.## #.#.##..#
#.#.##.## #.#.....#
#.#..<..#
#.##.#..#########
#.........^......
####.####.##########
#....#.#.........


You could see WaffleInsanity's ghost.

Vanquished Creatures
  An ogre (D:4)
  A howler monkey (D:4)
  2 crimson imps
  A hound (D:4)
  2 orc priests
  An orc wizard (D:4)
  An iguana (D:4)
  2 worker ants
  A worker ant zombie (D:5)
  Robin (D:3)
  8 adders
  A shadow imp (D:5)
  An adder skeleton (D:4)
  A worm (D:3)
  2 dart slugs
  A leopard gecko (D:4)
  8 orcs
  2 giant cockroaches
  8 hobgoblins
  4 kobolds
  A quokka (D:3)
  3 bats (D:2)
  2 frilled lizards (D:2)
  15 goblins
  2 goblin zombies (D:4)
  4 hobgoblin zombies (D:4)
  4 kobold skeletons (D:4)
  An orc skeleton (D:4)
  A rat (D:2)
82 creatures vanquished.

Notes
Turn   | Place    | Note
-------+----------+-------------------------------------------
     0 | D:1      | JeffiDaFish the Gargoyle Fighter began the quest for the Orb.
     0 | D:1      | Reached XP level 1. HP: 14/14 MP: 1/1
   608 | D:2      | Reached XP level 2. HP: 19/19 MP: 2/2
   642 | D:2      | Found an ancient bone altar of Kikubaaqudgha.
   913 | D:2      | Reached XP level 3. HP: 23/23 MP: 3/3
  1708 | D:3      | Found a stormy altar of Qazlal.
  1764 | D:3      | Reached XP level 4. HP: 28/28 MP: 4/4
  1903 | D:3      | Noticed Robin
  1913 | D:3      | Reached XP level 5. HP: 29/33 MP: 5/5
  1942 | D:3      | Killed Robin
  2254 | D:3      | Found a sparkling altar of Nemelex Xobeh.
  2333 | D:3      | Found a shattered altar of Ashenzari.
  2590 | D:4      | Reached XP level 6. HP: 38/38 MP: 6/6
  2668 | D:4      | Gained mutation: You are covered in fur. (AC +1) [potion of mutation]
  2668 | D:4      | Gained mutation: You are agile. (Dex +2) [potion of mutation]
  2668 | D:4      | Gained mutation: You have a pair of small horns on your head. [potion of mutation]
  2701 | D:4      | Reached skill level 5 in Shields
  2721 | D:4      | Found a glowing golden altar of the Shining One.
  3075 | D:4      | Reached XP level 7. HP: 35/44 MP: 7/7
  3534 | D:5      | Entered Level 5 of the Dungeon
  3539 | D:5      | Reached skill level 5 in Maces & Flails
  3594 | D:5      | Noticed WaffleInsanity's ghost (novice KoBe)
  3619 | D:5      | Slain by WaffleInsanity's ghost

Skill      XL: |  1  2  3  4  5  6  7 |
---------------+----------------------+-----
Shields        | 4 5 |  5.6
Armour         | 4 |  4.4
Maces & Flails | 3 4 5 |  5.2
Fighting       | 4 |  4.5
Stealth        | |  0.5

Action                   |  1- 3 |  4- 6 |  7- 9 || total
-------------------------+-------+-------+-------++-------
Melee: Flail             |   130 |   255 |    20 ||   405
       Headbutt          |       |    19 |    11 ||    30
       Morningstar       |       |       |    35 ||    35
  Use: Scroll            |    11 |     2 |     2 ||    15
       Potion            |     4 |     3 |     2 ||     9
  Eat: Chunk             |     3 |     5 |     1 ||     9
Armor: Scale mail        |    30 |       |       ||    30
       Plate armour      |    54 |   256 |    35 ||   345
Dodge: Dodged            |    24 |    47 |    12 ||    83
Block: Shield            |    59 |   171 |    33 ||   263
